 Dungeon Crawl Stone Soup version 0.23-a0-339-gbd7f2c8 (webtiles) character file.

102 Tyler14 the Chopper (level 4, -4/41 HPs)
             Began as a Minotaur Berserker on Oct 18, 2018.
             Was a Follower of Trog.
             Slain by a gnoll
             ... wielding a +0 halberd
              (8 damage)
             ... on level 2 of the Dungeon.
             The game lasted 00:14:46 (1719 turns).

Tyler14 the Chopper (Minotaur Berserker)            Turns: 1719, Time: 00:14:47

Health: -4/41      AC:  9    Str: 21    XL:     4   Next: 50%
Magic:  3/3        EV:  8    Int:  4    God:    Trog [*.....]
Gold:   84         SH:  0    Dex: 11    Spells: 3/3 levels left

rFire    . . .     SeeInvis .   a - +0 hand axe
rCold    . . .     Gourm    .   (no shield)
rNeg     . . .     Faith    .   c - +0 chain mail
rPois    .         Spirit   .   (helmet restricted)
rElec    .         Reflect  .   (no cloak)
rCorr    .         Harm     .   (no gloves)
MR       .....                  (no boots)
Stlth    ..........             (no amulet)
HPRegen  0.13/turn              (no ring)
MPRegen  0.08/turn              (no ring)

@: no status effects
A: retaliatory headbutt, horns 2
a: Berserk, Renounce Religion


You were on level 2 of the Dungeon.
You worshipped Trog.
Trog was aware of your devotion.
You were very full.

You visited 1 branch of the dungeon, and saw 2 of its levels.

You collected 84 gold pieces.

Inventory:

Hand Weapons
 a - a +0 hand axe (weapon)
 g - a +0 mace
 h - a +2 antimagic short sword
Armour
 b - a +0 animal skin
 c - a +0 chain mail (worn)
 k - a +0 leather armour
Jewellery
 n - a +3 amulet of reflection {unknown}
 o - a cursed -2 ring of evasion {unknown}
Scrolls
 f - a scroll of teleportation {unknown}
 j - a scroll of random uselessness {unknown}
 l - a scroll of enchant weapon {unknown}
 q - a scroll of immolation {unknown}
Potions
 e - a potion of mutation {unknown}
 i - a potion of invisibility {unknown}
 m - a potion of brilliance {unknown}
 p - 2 potions of degeneration {unknown}
Comestibles
 d - 5 chunks of flesh


   Skills:
 + Level 4.7 Fighting
 + Level 4.9 Axes
 + Level 2.9 Armour
 + Level 2.8 Dodging
 + Level 0.1 Stealth


You had 3 spell levels left.
You didn't know any spells.
Your spell library was empty.

Dungeon Overview and Level Annotations

Branches:
Dungeon (2/15)

Altars:


Innate Abilities, Weirdness & Mutations

You reflexively headbutt those who attack you in melee.
You have a pair of horns on your head.


Message History

* * * LOW HITPOINT WARNING * * *
You see here a +0 flail.
The gnoll hits you with a +0 spear.
* * * LOW HITPOINT WARNING * * *
You slash the gnoll!
The gnoll is severely wounded.
The gnoll hits you but does no damage. x2
You hit the gnoll but do no damage.
You headbutt the gnoll, but do no damage.
The gnoll is severely wounded.
The gnoll closely misses you. The gnoll barely misses you.
The gnoll hits you with a +0 halberd.
* * * LOW HITPOINT WARNING * * *
The gnoll hits you but does no damage.
You hit the gnoll. You headbutt the gnoll!
The gnoll is almost dead.
You hit the gnoll but do no damage. You hit the gnoll.
The gnoll hits you but does no damage. x2
The gnoll hits you with a +0 halberd!
You die...

...#######
#.##.....# #.
#.##.....# #.
#.##.....# #.##
##.##.....# #...
...##.....### #..#
...##.......#
#..####>#
#...........#
#gg.....#
#....<#.#.#.####@#
)..............g.#
#.....#...#.######
#...........#
...#........#
####.......##
####### # ###.#.#.#
####...... #
#...#.#
##########........#
# #...#.#
#...)......##.##..#


You could see 3 gnolls.

Vanquished Creatures
  A worker ant (D:2)
  A hound skeleton (D:2)
  4 gnolls (D:2)
  An adder (D:2)
  A dart slug (D:2)
  2 bats
  2 giant cockroaches (D:2)
  A goblin (D:2)
  A hobgoblin (D:1)
  3 kobolds
  A quokka (D:2)
  2 frilled lizards
  2 rats
22 creatures vanquished.

Notes
Turn   | Place    | Note
-------+----------+-------------------------------------------
     0 | D:1      | Tyler14 the Minotaur Berserker began the quest for the Orb.
     0 | D:1      | Reached XP level 1. HP: 19/19 MP: 0/0
  1228 | D:2      | Noticed a worker ant
  1237 | D:2      | Killed a worker ant
  1237 | D:2      | Reached XP level 2. HP: 13/27 MP: 1/1
  1237 | D:2      | Reached XP level 3. HP: 16/33 MP: 2/2
  1661 | D:2      | Reached XP level 4. HP: 33/41 MP: 3/3
  1719 | D:2      | Slain by a gnoll

Vault maps used:
D:1:      saegor_arrival_simple_d

Skill      XL: |  1 |
---------------+----+-----
Fighting       | 4 |  4.7
Axes           | 4 |  4.9
Armour         | |  2.9
Dodging        | |  2.8
Stealth        | |  0.1

Action                   |  1- 3 |  4- 6 || total
-------------------------+-------+-------++-------
Melee: Hand axe          |    41 |    13 ||    54
       Headbutt          |    13 |     5 ||    18
  Eat: Ration            |     3 |       ||     3
Armor: Animal skin       |     5 |       ||     5
       Chain mail        |    15 |     5 ||    20
Dodge: Dodged            |    33 |     9 ||    42

Table legend:
 A = Non-vault XP
 B = Vault XP
 C = Vault XP percentage of total XP
 D = Non-vault monster count
 E = Vault monster count
 F = Vault count percentage of total count
                 A         B        C        D         E       F
            +---------+---------+-------+---------+---------+-------
      Total |     147 |       0 |   0.0 |      22 |       0 |   0.0
            +---------+---------+-------+---------+---------+-------
        D:1 |       9 |       0 |   0.0 |       6 |       0 |   0.0
        D:2 |     138 |       0 |   0.0 |      16 |       0 |   0.0
            +---------+---------+-------+---------+---------+-------
